 Dungeon Crawl Stone Soup version 0.23-a0-241-g3b46b07 (webtiles) character file.

842 PurpleRed the Grappler (level 8, -6/55 HPs)
             Began as an Octopode Wanderer on Sept 27, 2018.
             Was a Follower of Okawaru.
             Mangled by an ice beast (13 damage)
             ... on level 5 of the Dungeon.
             The game lasted 00:18:03 (5489 turns).

PurpleRed the Grappler (Octopode Wanderer)          Turns: 5489, Time: 00:18:04

Health: -6/55      AC:  1    Str: 15    XL:     8   Next: 0%
Magic:  11/11      EV: 12    Int: 14    God:    Okawaru [*.....]
Gold:   219        SH:  0    Dex: 10    Spells: 10/11 levels left

rFire    . . .     SeeInvis +     - Unarmed
rCold    . . .     Gourm    .   (no shield)
rNeg     + . .     Faith    .   (helmet restricted)
rPois    .         Spirit   .   (no amulet)
rElec    .         Reflect  .   n - ring of positive energy
rCorr    .         Harm     .   y - ring of see invisible
MR       .....                  (no ring)
Stlth    +++.......             (no ring)
HPRegen  0.18/turn              (no ring)
MPRegen  0.12/turn              (no ring)
                                (no ring)
                                (no ring)

@: no status effects
A: almost no armour, stealthy swim, amphibious, 8 rings, constrict 8, camouflage
1, gelatinous body 1
a: Heroism, Renounce Religion


You were on level 5 of the Dungeon.
You worshipped Okawaru.
Okawaru was aware of your devotion.
You were not hungry.

You visited 2 branches of the dungeon, and saw 6 of its levels.

You collected 219 gold pieces.

Inventory:

Hand Weapons
 a - a +1 whip of electrocution
 b - a +2 hand crossbow
 e - a +0 dagger
Missiles
 k - 70 bolts
 m - 18 poisoned needles
 x - 7 tomahawks (quivered)
Jewellery
 n - a ring of positive energy (left tentacle)
 y - a ring of see invisible (right tentacle)
Wands
 s - a wand of flame (34)
 u - a wand of iceblast (6)
 w - a wand of random effects (12)
Scrolls
 c - 3 scrolls of teleportation
 g - 3 scrolls of identify
 i - a scroll of amnesia {unknown}
 j - 2 scrolls of enchant armour
 l - a scroll of remove curse
 o - a scroll of blinking {unknown}
 q - a scroll of fear
 t - a scroll of enchant weapon {unknown}
 v - a scroll of magic mapping
Potions
 d - 2 potions of curing
 p - a potion of brilliance
 r - 2 potions of flight
Comestibles
 f - 13 rations
 h - 3 chunks of flesh


   Skills:
 - Level 5.0 Fighting
 - Level 2.0 Crossbows
 - Level 2.6 Stealth
 + Level 8.0 Unarmed Combat
 - Level 2.0 Spellcasting
 - Level 2.0 Hexes


You had 10 spell levels left.
You knew the following spells:

 Your Spells              Type           Power        Failure   Level  Hunger
a - Confusing Touch       Hex            #.....       11%         1    ##.....

Your spell library contained the following spells:

 Spells                   Type           Power        Failure   Level  Hunger
 Confuse                  Hex            #.......     30%         3    ####...
 Gell's Gravitas          Tloc           #.........   56%         3    ####...
 Petrify                  Tmut/Erth      #.......     93%         4    #####..
 Metabolic Englaciation   Hex/Ice        #.........   99%         5    ######.
 Yara's Violent Unravell  Hex/Tmut       #.........   99%         5    ######.


Dungeon Overview and Level Annotations

Branches:
Dungeon (5/15)             Temple (1/1) D:4

Altars:
Ashenzari
Cheibriados
Dithmenos
Fedhas
Gozag
Hepliaklqana
Kikubaaqudgha
Makhleb
Nemelex Xobeh
Okawaru
Qazlal
Ru
Sif Muna
Trog
Uskayaw
Yredelemnul
Zin
The Shining One


Innate Abilities, Weirdness & Mutations

You cannot wear most types of armour.
You are very stealthy in the water. (Stealth+)
You are amphibious.
You can wear up to eight rings at the same time.
You can use your tentacles to constrict eight enemies at once.
Your skin changes colour to match your surroundings (Stealth+).
Your rubbery body absorbs attacks. (AC +1, EV +1)


Message History

You tentacle-slap the ice beast.
The ice beast is almost dead.
The ice beast hits you. The ice beast freezes you!
You closely miss the ice beast.
The ice beast is almost dead.
The ice beast hits you. The ice beast freezes you!
* * * LOW HITPOINT WARNING * * *
You barely miss the ice beast.
The ice beast is almost dead.
The ice beast misses you.
Evoke which item? (* to show all) (? for menu, Esc to quit)
Aiming: Throw Flame
Press: ? - help, Shift-Dir - straight line, f/p - ice beast
Aim: an ice beast (almost dead)
The puff of flame hits the ice beast.
The ice beast appears unharmed.
The ice beast is almost dead.
The ice beast hits you.
* * * LOW HITPOINT WARNING * * *
The ice beast freezes you!
You die...

###
..####################
....[...........@Y...##
..##################..#
..# ******##.# ..#
**.≈...Y≈.#* ..#
**,..≈.S≈?..** ≈##
*,≈..≈..≈..≈.* .#
**,,≈W.≈≈..≈..#* .#
*,,,########..$* .#
**,,**,8,,8,*#(.#*


You could see an ice beast.

Vanquished Creatures
  Grinder (D:5)
  A hound (D:4)
  5 orc priests
  Natasha (thrice) (D:2)
  3 orc wizards
  2 worker ants (D:5)
  14 adders
  3 gnolls (D:2)
  6 oozes
  A dart slug (D:3)
  3 worms
  2 leopard geckos
  14 orcs
  6 bats
  6 giant cockroaches
  10 goblins
  4 hobgoblins
  8 jackals
  2 quokkas
  2 ball pythons
  2 frilled lizards
  10 kobolds
  A leopard gecko skeleton (D:4)
  11 rats
120 creatures vanquished.

Notes
Turn   | Place    | Note
-------+----------+-------------------------------------------
     0 | D:1      | PurpleRed the Octopode Wanderer began the quest for the
                  | Orb.
     0 | D:1      | PurpleRed set off with: a +2 hand crossbow, 24 bolts, a
                  | scroll of teleportation, a potion of curing, a +0 dagger, a
                  | ration
     0 | D:1      | Reached XP level 1. HP: 18/18 MP: 1/1
   127 | D:1      | Reached skill level 2 in Unarmed Combat
   127 | D:1      | Reached XP level 2. HP: 24/24 MP: 2/2
   336 | D:1      | Reached XP level 3. HP: 14/29 MP: 3/3
   633 | D:1      | Reached skill level 3 in Unarmed Combat
  1098 | D:2      | Learned a level 1 spell: Confusing Touch
  1304 | D:2      | Found a deep blue altar of Sif Muna.
  1559 | D:2      | Reached XP level 4. HP: 35/35 MP: 4/4
  1669 | D:2      | Reached skill level 1 in Hexes
  1683 | D:2      | Noticed Natasha
  1731 | D:2      | Killed Natasha
  1731 | D:2      | Reached skill level 4 in Unarmed Combat
  1731 | D:2      | Reached skill level 1 in Spellcasting
  1731 | D:2      | Reached XP level 5. HP: 33/39 MP: 6/6
  1836 | D:2      | Noticed Natasha
  1844 | D:2      | Killed Natasha
  1893 | D:2      | Noticed Natasha
  1905 | D:2      | Killed Natasha
  2270 | D:3      | Reached XP level 6. HP: 35/45 MP: 7/9
  2989 | D:3      | Reached skill level 5 in Unarmed Combat
  3309 | D:4      | Found a glowing golden altar of the Shining One.
  3945 | D:4      | Found a staircase to the Ecumenical Temple.
  3951 | Temple   | Entered the Ecumenical Temple
  4144 | Temple   | Became a worshipper of Warmaster Okawaru
  4336 | D:4      | Reached skill level 6 in Unarmed Combat
  4358 | D:5      | Entered Level 5 of the Dungeon
  4375 | D:5      | Reached XP level 7. HP: 31/50 MP: 10/10
  5125 | D:5      | Noticed Grinder
  5145 | D:5      | Reached skill level 7 in Unarmed Combat
  5151 | D:5      | Killed Grinder
  5151 | D:5      | Reached * piety under Okawaru
  5332 | D:5      | Reached skill level 8 in Unarmed Combat
  5393 | D:5      | Found a stormy altar of Qazlal.
  5464 | D:5      | Reached XP level 8. HP: 55/55 MP: 11/11
  5489 | D:5      | Mangled by an ice beast

Vault maps used:
D:1:      onia_arrival_handbag, minmay_heptomino_o4
D:2:      led_sif_pool, uniq_natasha
D:3:      first_ration, nicolae_underground_beach
D:4:      minmay_temple_entry_enclosed_plants, minmay_misc_feat_square,
          nicolae_tso_carved_into_rock
D:5:      gammafunk_temple_overflow_statue, nicolae_qazlal_general_emergency,
          nzn_random_ring, uniq_grinder
Temple:   regret_index_temple_sphere_string

Skill      XL: |  1  2  3  4  5  6  7 |
---------------+----------------------+-----
Unarmed Combat | 2 3 4 6 8 |  8.0
Hexes          | 1 2 |  2.0
Spellcasting   | 1 2 |  2.0
Fighting       | |  5.0
Crossbows      | |  2.0
Stealth        | |  2.6

Action                   |  1- 3 |  4- 6 |  7- 9 || total
-------------------------+-------+-------+-------++-------
Melee: Unarmed           |    52 |       |     6 ||    58
       Constrict         |    15 |    29 |     7 ||    51
       Tentacles         |     7 |    16 |     6 ||    29
       Whip              |     3 |   126 |    29 ||   158
       Punch             |     1 |     3 |     1 ||     5
 Fire: Hand crossbow     |    41 |    29 |     9 ||    79
Evoke: Wand              |       |       |     3 ||     3
  Use: Scroll            |       |     9 |       ||     9
       Potion            |       |       |     3 ||     3
 Stab: Sleeping          |     4 |     5 |     1 ||    10
       Distracted        |       |     1 |       ||     1
  Eat: Chunk             |     1 |     9 |     4 ||    14
Armor: Skin              |     2 |    12 |     1 ||    15
Dodge: Dodged            |    46 |    67 |    10 ||   123

Table legend:
 A = Non-vault XP
 B = Vault XP
 C = Vault XP percentage of total XP
 D = Non-vault monster count
 E = Vault monster count
 F = Vault count percentage of total count
                 A         B        C        D         E       F
            +---------+---------+-------+---------+---------+-------
      Total |     871 |     332 |  27.6 |     111 |       9 |   7.5
            +---------+---------+-------+---------+---------+-------
        D:1 |      33 |      12 |  26.7 |      22 |       5 |  18.5
        D:2 |     174 |      35 |  16.7 |      23 |       1 |   4.2
        D:3 |     148 |       0 |   0.0 |      31 |       0 |   0.0
        D:4 |     196 |       0 |   0.0 |      18 |       0 |   0.0
        D:5 |     320 |     285 |  47.1 |      17 |       3 |  15.0
            +---------+---------+-------+---------+---------+-------
